 Dungeon Crawl Stone Soup version 0.28.0-47-ge53b351184 (webtiles) character file.

Game seed: 15760727462683585880

6433 acdeimund the Spear-Bearer (level 10, -2/68 (82) HPs)
             Began as a Merfolk Gladiator on May 2, 2022.
             Was the Champion of Ru.
             Slain by a spatial maelstrom (9 damage)
             ... while paralysed by accursed screaming
             ... on level 5 of the Abyss.
             The game lasted 00:45:42 (12632 turns).

acdeimund the Spear-Bearer (Merfolk Gladiator)     Turns: 12632, Time: 00:45:44

HP:   -2/68 (82)    AC:  8    Str: 18    XL:     10   Next: 99%
MP:   10/10         EV:  2    Int:  7    God:    Ru [******]
Gold: 1126          SH:  0    Dex: 17    Spells: 9/9 levels left

rFire   . . .      SeeInvis .   I - +6 trident (freeze)
rCold   . . .      Faith    .   (shield unavailable)
rNeg    + . .      Spirit   .   b - +0 leather armour
rPois   .          Reflect  .   c - +1 helmet
rElec   .          Harm     .   q - scarf {repulsion}
rCorr   .          Rampage  .   F - +2 pair of gloves
Will    .....                   (no boots)
Stlth   +++.......              d - amulet of the acrobat
HPRegen 0.21/turn               (ring unavailable)
MPRegen 0.12/turn               s - ring of positive energy

@: paralysed, exhausted, heavily drained, repel missiles
A: missing a hand, hated by all, no hexes magic, no poison magic, no
translocations magic, weak-willed 1, (nimble swimmer 2), mertail
a: Renounce Religion, Draw Out Power, Power Leap, Apocalypse


You were on level 5 of the Abyss.
You worshipped Ru.
Ru was exalted by your worship.
You visited 1 branch of the dungeon, and saw 9 of its levels.
You visited the Abyss 1 time.

You collected 1252 gold pieces.
You spent 126 gold pieces at shops.

Inventory:

Hand Weapons
 a - a +0 trident of venom
 I - a +6 trident of freezing (weapon)
Missiles
 l - 197 stones (quivered)
 r - 2 throwing nets
 x - 6 javelins
Armour
 b - a +0 leather armour (worn)
 c - a +1 helmet (worn)
 g - a +1 cloak
 m - a +1 pair of gloves
 q - a scarf of repulsion (worn)
 F - a +2 pair of gloves (worn)
Jewellery
 d - an amulet of the acrobat (around neck)
 s - a ring of positive energy (right hand)
 v - an amulet of faith
 y - a +4 ring of protection
 E - a +4 ring of evasion
 J - an amulet of regeneration
Wands
 h - a wand of digging (3)
 o - a wand of polymorph (13)
 t - a wand of acid (7)
 H - a wand of iceblast (14)
Scrolls
 i - 3 scrolls of teleportation
 p - a scroll of vulnerability
 w - a scroll of blinking
Potions
 e - 3 potions of mutation
 f - a potion of flight
 j - 4 potions of brilliance
 k - 4 potions of curing
 n - 4 potions of attraction
 u - a potion of cancellation
 z - a potion of berserk rage
 B - a potion of lignification {unknown}
 C - a potion of invisibility {unknown}
 D - a potion of degeneration {unknown}
 G - a potion of ambrosia {unknown}


   Skills:
 * Level 8.9 Fighting
 * Level 12.0 Polearms
 + Level 7.0 Throwing
 + Level 3.0 Armour
 * Level 11.0 Dodging
 + Level 4.7 Stealth


You had 9 spell levels left.
You didn't know any spells.
Your spell library contained the following spells:

 Spells                   Type           Power      Damage    Failure   Level
 Sandblast                Erth           0%         2d4       50%         1
 Passwall                 Tmut/Erth      0%         N/A       63%         2
 Stone Arrow              Conj/Erth      0%         3d7       86%         3


Dungeon Overview and Level Annotations

Branches:
Dungeon (9/15)             Temple (0/1) D:7             Orc (0/2) D:9
   Lair: D:8-11

Altars:
Ashenzari
Gozag
Ru
Sif Muna
Xom
The Shining One

Shops:
D:4 !   D:8 (

Annotations:
D:9 Erolcha


Innate Abilities, Weirdness & Mutations

You are missing a hand.
You are hated by all.
You cannot study or cast Hexes magic.
You cannot study or cast Poison magic.
You cannot study or cast Translocations magic.
You are slightly weak-willed. (Will-)
((You are very nimble when in or above water. (Stealth+, EV+, Speed+++)))
Your lower body shifts to a powerful aquatic tail in water.


Message History

A starcursed mass splits. x2
You puncture the raiju! You freeze the raiju.
The raiju is moderately wounded.
The raiju closely misses you.
A starcursed mass splits.
You puncture the raiju! You freeze the raiju.
The raiju is severely wounded.
A starcursed mass splits.
The spatial maelstrom barely misses you.
The spatial maelstrom completely misses you.
A starcursed mass splits.
The raiju misses you.
A starcursed mass splits. x2
A starcursed mass splits.
You redirect the raiju's attack!
The raiju bursts into living lightning!
The living lightning hits the starcursed mass!
The raiju blinks!
The starcursed mass shudders and is absorbed by its neighbour.
A starcursed mass splits.
A cacophony of accursed wailing tears at your sanity!
The spatial maelstrom hits you but does no damage.
The spatial maelstrom completely misses you.
The raiju is no longer moving slowly.
The raiju barks!
A cacophony of accursed wailing tears at your sanity!
* * * LOW HITPOINT WARNING * * *
You focus your inner power and illuminate the starcursed mass in retribution!
You puncture the raiju! You freeze the raiju.
You kill the raiju!
That felt strangely unrewarding.
The spatial maelstrom barely misses you. x2
A cacophony of accursed wailing tears at your sanity!
* * * LOW HITPOINT WARNING * * *
You suddenly lose the ability to move!
The raiju begins to attack, but is stunned by your conviction!
You redirect the spatial maelstrom's attack!
The spatial maelstrom hits the starcursed mass.
Space warps around the starcursed mass.
The starcursed mass shudders and is absorbed by its neighbour.
The starcursed mass touches you but does no damage.
The spatial maelstrom hits you!
You die...

≈≈..≈≈..≈≈. .≈≈≈.. .h
≈≈..≈..≈..≈..≈≈......
≈≈≈≈≈.....X......X. .
...≈.........X......
#.................##
......##..X.Xh##..#
#.....#..X.XX.# ..#
#.......XvXX..# #.#
#.......v@X...# .
#................
...........v#..
###.........#..
##........#
###......# #......#
.......#


You could see 11 starcursed masses, a spatial maelstrom, 2 spatial vortices and
a raiju.

Vanquished Creatures
  2 tentacled starspawn
  4 slime creatures
  Prince Ribbit (D:6)
  A raiju (Abyss:5)
  3 flying skulls (Abyss:5)
  2 wyverns
  11 yaks
  Eustachio (D:6)
  2 steam dragons
  Menkaure (D:4)
  Edmund (D:5)
  Duvessa (D:4)
  3 water moccasins
  A black bear (D:4)
  An ice beast (D:7)
  An orc warrior (D:6)
  2 ogres
  A centaur (D:9)
  A kobold brigand (D:9)
  3 bullfrogs
  2 scorpions
  A water moccasin zombie (D:6)
  Dowan (D:4)
  7 wights
  6 howler monkeys (D:8)
  2 centaur zombies (D:8)
  An orc priest (D:8)
  3 jellies
  A gnoll shaman (D:9)
  Crazy Yiuf (D:4)
  2 hounds
  7 iguanas
  Ijyb (D:4)
  8 orc wizards
  3 howler monkey zombies
  12 gnolls
  A howler monkey skeleton (D:4)
  7 adders
  3 shadow imps
  A white imp (D:5)
  2 ufetubi
  An adder skeleton (D:4)
  2 worms (D:4)
  A dart slug (D:2)
  19 orcs
  9 ball pythons
  4 bats
  7 endoplasms
  3 giant cockroaches
  6 goblins
  11 hobgoblins
  3 jackals (D:2)
  13 kobolds
  3 quokkas
  6 frilled lizards
  6 rats
209 creatures vanquished.

Vanquished Creatures (others)
  A gnoll (D:4)
  An orc (D:7)
  A hobgoblin (D:1)
  4 demonic plants (Abyss:5)
  28 plants (D:8)
  5 starspawn tentacles (Abyss:5)
40 creatures vanquished.

Grand Total: 249 creatures vanquished

Notes
Turn   | Place    | Note
-------+----------+-------------------------------------------
     0 | D:1      | acdeimund the Merfolk Gladiator began the quest for the
                  | Orb.
     0 | D:1      | Reached XP level 1. HP: 16/16 MP: 1/1
   248 | D:1      | Reached XP level 2. HP: 22/23 MP: 2/2
   429 | D:1      | Found a faded altar of an unknown god.
   438 | D:1      | Prayed at the altar of an unknown god.
   438 | D:1      | Became a worshipper of Ru the Awakened
   443 | D:1      | Gained mutation: You are hated by all. [Ru sacrifice]
   443 | D:1      | Reached * piety under Ru
  1091 | D:1      | Reached XP level 3. HP: 28/28 MP: 3/3
  1180 | D:2      | Reached skill level 5 in Polearms
  1482 | D:2      | Reached XP level 4. HP: 34/34 MP: 4/4
  1515 | D:2      | Found a shimmering altar of Xom.
  2883 | D:4      | Noticed a black bear
  2911 | D:4      | Noticed an ogre
  3049 | D:4      | Reached skill level 5 in Dodging
  3049 | D:4      | Reached XP level 5. HP: 41/41 MP: 5/5
  3658 | D:4      | Noticed Ijyb
  3670 | D:4      | Killed Ijyb
  3852 | D:4      | Gained mutation: You are slightly weak-willed. (Will-) [Ru
                  | sacrifice]
  3852 | D:4      | Reached ** piety under Ru
  3852 | D:4      | Reached *** piety under Ru
  3913 | D:4      | Reached skill level 6 in Polearms
  3918 | D:4      | Reached XP level 6. HP: 17/48 MP: 6/6
  4291 | D:4      | Killed a black bear
  4331 | D:4      | Found Teshriel's Distillery.
  4338 | D:4      | Bought a potion of might for 56 gold pieces
  4338 | D:4      | Bought a potion of heal wounds for 70 gold pieces
  4409 | D:4      | Noticed Menkaure
  4425 | D:4      | Killed Menkaure
  4426 | D:4      | Reached skill level 7 in Polearms
  4426 | D:4      | Reached XP level 7. HP: 55/55 MP: 7/7
  4798 | D:4      | Noticed Dowan
  4834 | D:4      | Killed Dowan
  4947 | D:4      | Found a runed translucent door.
  4948 | D:4      | Noticed Crazy Yiuf
  4954 | D:4      | Killed Crazy Yiuf
  5007 | D:4      | Noticed Duvessa
  5028 | D:4      | Killed Duvessa
  5029 | D:4      | Reached skill level 5 in Fighting
  5029 | D:4      | Reached XP level 8. HP: 30/62 MP: 8/8
  5320 | D:5      | Entered Level 5 of the Dungeon
  5422 | D:5      | Reached skill level 8 in Polearms
  5422 | D:5      | Reached skill level 5 in Throwing
  5666 | D:5      | Noticed Edmund
  5700 | D:5      | Killed Edmund
  6204 | D:6      | Noticed Eustachio
  6219 | D:6      | Killed Eustachio
  6388 | D:6      | Noticed Prince Ribbit
  6398 | D:6      | Killed Prince Ribbit
  6525 | D:6      | Reached skill level 9 in Polearms
  6525 | D:6      | Reached skill level 1 in Stealth
  6525 | D:6      | Reached XP level 9. HP: 44/70 MP: 9/9
  6865 | D:6      | Reached skill level 1 in Armour
  7066 | D:6      | Found an opulent altar of Gozag.
  7257 | D:6      | Found a shimmering blue altar of Sif Muna.
  7512 | D:6      | Found a shimmering altar of Xom.
  7758 | D:7      | Gained mutation: You are missing a hand. [Ru sacrifice]
  7758 | D:7      | Reached **** piety under Ru
  7758 | D:7      | Reached ***** piety under Ru
  7782 | D:7      | Found a staircase to the Ecumenical Temple.
  8145 | D:7      | Found a broken altar of Ashenzari.
  8145 | D:7      | Found a glowing golden altar of the Shining One.
  8229 | D:7      | Reached skill level 10 in Polearms
  8530 | D:7      | Identified a scroll of acquirement
  8530 | D:7      | Acquired 723 gold pieces
  8963 | D:8      | Found Babis's Antique Weapon Shop.
  8969 | D:8      | Reached XP level 10. HP: 79/79 MP: 10/10
 10028 | D:8      | Reached skill level 11 in Polearms
 10028 | D:8      | Reached skill level 10 in Dodging
 11101 | D:9      | Found a staircase to the Orcish Mines.
 11615 | D:9      | Gained mutation: You cannot study or cast Poison magic. [Ru
                  | sacrifice]
 11615 | D:9      | Gained mutation: You cannot study or cast Hexes magic. [Ru
                  | sacrifice]
 11615 | D:9      | Gained mutation: You cannot study or cast Translocations
                  | magic. [Ru sacrifice]
 11615 | D:9      | Reached ****** piety under Ru
 12092 | D:8      | Reached skill level 12 in Polearms
 12203 | D:9      | Noticed Erolcha
 12204 | D:9      | Cast into level 2 of the Abyss (Erolcha)
 12265 | Abyss:2  | Noticed a tentacled starspawn
 12271 | Abyss:2  | Killed a tentacled starspawn
 12288 | Abyss:2  | Noticed a starcursed mass
 12333 | Abyss:3  | Noticed a smoke demon
 12339 | Abyss:3  | Found a corrupted altar of Lugonu.
 12344 | Abyss:4  | Noticed a tentacled starspawn
 12344 | Abyss:4  | Noticed an apocalypse crab
 12364 | Abyss:5  | Entered Level 5 of the Abyss
 12365 | Abyss:5  | Found a corrupted altar of Lugonu.
 12369 | Abyss:5  | Noticed a starcursed mass
 12397 | Abyss:5  | Noticed a smoke demon
 12407 | Abyss:5  | Noticed a flayed ghost
 12414 | Abyss:5  | Noticed a thrashing horror
 12434 | Abyss:5  | Noticed a smoke demon
 12473 | Abyss:5  | Noticed a red very ugly thing
 12570 | Abyss:5  | Noticed a tentacled starspawn
 12580 | Abyss:5  | Noticed a tentacled starspawn
 12581 | Abyss:5  | Noticed a brown very ugly thing
 12581 | Abyss:5  | Noticed a brown ugly thing
 12581 | Abyss:5  | Noticed a brown very ugly thing
 12587 | Abyss:5  | Noticed a brown very ugly thing
 12589 | Abyss:5  | Noticed a brown very ugly thing
 12597 | Abyss:5  | Killed a tentacled starspawn
 12610 | Abyss:5  | Noticed a kraken
 12614 | Abyss:5  | Noticed a starcursed mass
 12617 | Abyss:5  | Noticed a spatial maelstrom
 12631 | Abyss:5  | Paralysed by accursed screaming for 2 turns
 12632 | Abyss:5  | Slain by a spatial maelstrom

Illustrated notes

Levels and vault maps discovered:
D:1:      roderic_crossed_star, layout_rooms, chequers_ecumenical_altar_island
D:2:      layout_rooms, basic_altar, st_stairs_14
D:3:      layout_basic, minmay_misc_feat_columns
D:4:      layout_loops_corners, serial_shops, kennysheep_little_box,
          uniq_crazy_yiuf_cottage, uniq_duvessa, uniq_menkaure, uniq_ijyb
D:5:      layout_basic, uniq_edmund
D:6:      layout_gridville, mainiacjoe_overflow_alcove_4,
          mainiacjoe_overflow_big_doors, st_stairs_9, roderic_serpentine_path,
          uniq_prince_ribbit1, uniq_eustachio
D:7:      layout_basic, gammafunk_temple_overflow_wave,
          minmay_temple_entry_water_ring
D:8:      layout_basic, dk_noncrumbling_2, nicolae_stop_n_shop_2,
          serial_bayou_lagoon_a, grunt_ministairs_4
D:9:      layout_long_grid, lair_entry_dummy, orc_0_dummy, uniq_pikel,
          uniq_erolcha
Abyss:5:  base: D:6, abyss_exit_lava, hangedman_abyss_overflow_altar,
          hangedman_eye_storm, evilmike_abyss_exit_12,
          evilmike_abyss_exit_plants, grunt_abyss_rune_wretched_hive,
          dshaligram_kb_abyss_rune_zappy_water_cross,
          evilmike_abyss_exit_kraken, nicolae_abyss_rune_star_stuff

Skill      XL: |  1  2  3  4  5  6  7  8  9 10 |
---------------+-------------------------------+-----
Polearms       | 5 6 7 9 10 12 | 12.0
Fighting       | 3 4 5 6 7 8 |  8.9
Throwing       | 3 4 5 6 7 |  7.0
Dodging        | 5 6 8 9 11 | 11.0
Stealth        | 1 3 4 |  4.7
Armour         | 2 3 |  3.0

Action                   |  1- 3 |  4- 6 |  7- 9 | 10-12 || total
-------------------------+-------+-------+-------+-------++-------
Melee: Trident           |   128 |   170 |   304 |   293 ||   895
       Punch             |       |       |     2 |       ||     2
       Tailslap          |       |       |       |    12 ||    12
Throw: Stone             |     4 |    24 |     9 |     2 ||    39
       Throwing net      |       |     3 |       |       ||     3
Invok: Sacrifice Love    |     1 |       |       |       ||     1
       Sacrifice Essence |       |     1 |       |       ||     1
       Sacrifice a Hand  |       |       |     1 |       ||     1
       Draw Out Power    |       |       |       |     3 ||     3
       Sacrifice Arcana  |       |       |       |     1 ||     1
  Use: Scroll            |       |     9 |     4 |     8 ||    21
       Potion            |       |     2 |     1 |     1 ||     4
 Stab: Sleeping          |     1 |       |     8 |     1 ||    10
       Distracted        |     1 |       |     1 |     4 ||     6
       Held in net/web   |       |     2 |       |       ||     2
       Invisible         |       |       |     5 |     2 ||     7
       Paralysed         |       |       |     2 |    13 ||    15
Armor: Leather armour    |    23 |    18 |    36 |    32 ||   109
Dodge: Dodged            |    60 |   117 |   121 |   176 ||   474
       Repelled          |       |       |     3 |     3 ||     6
